BSA
HOUSTON MARSHALS @ NASHVILLE G-STRINGS
08/25/2029
 
TOP OF THE 1ST
Houston Marshals batting - Pitching for Nashville G-Strings : RHP Javier García
Pitching: RHP Javier García
Batting: RHB Javier Rentería 0-0: Ball
1-0: Ball
2-0: Swinging Strike
2-1: Foul Ball, location: 2F
2-2: Foul Ball, location: 2F
2-2: Strikes out swinging
Batting: LHB Guy Moss 0-0: Called Strike
0-1: Ball
1-1: Swinging Strike
1-2: Foul Ball, location: 2F
1-2: Ball
2-2: Foul Ball, location: 2F
2-2: Ball
3-2: Base on Balls
Batting: RHB Chris Parker 0-0: Called Strike
0-1: Ball
Guy Moss steals 2nd base
1-1: Called Strike
Throwing error on steal attempt, E2
Guy Moss scores
1-2: Strikes out looking
Batting: LHB José Rodríguez 0-0: Ball
1-0: SINGLE (Groundball, 6D)
Batting: LHB Lewis Barr 0-0: Called Strike
0-1: Ball
1-1: Foul Ball, location: 2F
1-2: Ball
2-2: Fly out, F5 (Popup, 15)
Top of the 1st over - 1 run, 1 hit, 1 error, 1 left on base; Houston 1 - Nashville 0
BOTTOM OF THE 1ST
Nashville G-Strings batting - Pitching for Houston Marshals : RHP John Harvey
Pitching: RHP John Harvey
Batting: RHB Eric Thompson 0-0: Swinging Strike
0-1: Called Strike
0-2: SINGLE (Line Drive, 56)
Batting: LHB Miguel Rivería 0-0: Called Strike
Eric Thompson steals 2nd base
0-1: Ball
1-1: Swinging Strike
1-2: Ball
2-2: Ball
3-2: Strikes out swinging
Batting: RHB Sergio Márquez 0-0: Ball
1-0: Swinging Strike
1-1: Ground out 5-3 (Groundball, 56)
Batting: SHB Rob Grun 0-0: Ball
1-0: Ball
2-0: Foul Ball, location: 2F
2-1: Foul Ball, location: 2F
2-2: Foul Ball, location: 2F
2-2: SINGLE (Flyball, 78S)
Eric Thompson to third
Runner from 3rd tries for Home, SAFE, throw made home
Rob Grun to second
Batting: LHB Robinson Fernández 0-0: Ball
1-0: Ball
2-0: Ball
3-0: Called Strike
3-1: Called Strike
3-2: SINGLE (Groundball, 4MD)
Rob Grun to third
Rob Grun scores
Batting: SHB Ricardo Arévalo 0-0: Foul Ball, location: 2F
0-1: Fielders Choice at 2nd, 6-4 (Groundball, 6)
Bottom of the 1st over - 2 runs, 3 hits, 0 errors, 1 left on base; Houston 1 - Nashville 2
TOP OF THE 2ND
Houston Marshals batting - Pitching for Nashville G-Strings : RHP Javier García
Batting: SHB Ramón Lugo 0-0: Called Strike
0-1: Foul Ball, location: 2F
0-2: Foul Ball, location: 2F
0-2: DOUBLE (Line Drive, 9D)
Batting: SHB Juan Gómez 0-0: Called Strike
0-1: Ball
1-1: Swinging Strike
1-2: Ball
2-2: Foul Ball, location: 2F
2-2: Ball
3-2: Fly out, F7 (Flyball, 7LS)
Batting: RHB Jim Tracy 0-0: Called Strike
0-1: Foul Ball, location: 2F
0-2: Ball
1-2: Ball
2-2: Ball
3-2: Ground out 6-3 (Groundball, 6)
Batting: RHB Michael Thomas 0-0: Ground out U3 (Groundball, 3)
Top of the 2nd over - 0 runs, 1 hit, 0 errors, 1 left on base; Houston 1 - Nashville 2
BOTTOM OF THE 2ND
Nashville G-Strings batting - Pitching for Houston Marshals : RHP John Harvey
Batting: RHB Greg King 0-0: Ball
1-0: Foul Ball, location: 2F
1-1: Ball
2-1: Ball
3-1: SINGLE (Groundball, 4) (infield hit)
Batting: RHB Jesús Cabrera 0-0: Called Strike
0-1: Ball
Greg King is caught stealing 2nd base
1-1: SOLO HOME RUN (Flyball, 7D), Distance : 386 ft
Batting: RHB Wilfred Martin 0-0: Fly out, F8 (Flyball, 89S)
Batting: RHB Eric Thompson 0-0: Ground out U3 (Groundball, 34)
Bottom of the 2nd over - 1 run, 2 hits, 0 errors, 0 left on base; Houston 1 - Nashville 3
TOP OF THE 3RD
Houston Marshals batting - Pitching for Nashville G-Strings : RHP Javier García
Batting: RHB Javier Rentería 0-0: Ball
1-0: Called Strike
1-1: SINGLE (Line Drive, 34D)
Batting: LHB Guy Moss 0-0: Swinging Strike
0-1: Ball
Wild Pitch!
Javier Rentería to second
1-1: Ball
2-1: Foul Ball, location: 2F
2-2: Fly out, F8 (Flyball, 8LD)
Runner from 2nd tags up, SAFE at 3rd, no throw
Batting: RHB Chris Parker 0-0: Ball
1-0: Ball
2-0: SINGLE (Line Drive, 8LS)
Javier Rentería scores
Batting: LHB José Rodríguez 0-0: Called Strike
0-1: Grounds into double play, 6-4-3 (Groundball, 6)
Top of the 3rd over - 1 run, 2 hits, 0 errors, 0 left on base; Houston 2 - Nashville 3
BOTTOM OF THE 3RD
Nashville G-Strings batting - Pitching for Houston Marshals : RHP John Harvey
Batting: LHB Miguel Rivería 0-0: Ground out 4-3 (Groundball, 4S)
Batting: RHB Sergio Márquez 0-0: Foul Ball, location: 2F
0-1: Called Strike
0-2: Ground out 6-3 (Groundball, 6)
Batting: SHB Rob Grun 0-0: Called Strike
0-1: Called Strike
0-2: Foul Ball, location: 2F
0-2: Fly out, F2 (Popup, 2LF)
Bottom of the 3rd over - 0 runs, 0 hits, 0 errors, 0 left on base; Houston 2 - Nashville 3
TOP OF THE 4TH
Houston Marshals batting - Pitching for Nashville G-Strings : RHP Javier García
Batting: LHB Lewis Barr 0-0: Swinging Strike
0-1: Ground out 4-3 (Groundball, 4)
Batting: SHB Ramón Lugo 0-0: Swinging Strike
0-1: Ball
1-1: Called Strike
1-2: Foul Ball, location: 2F
1-2: Ball
2-2: Foul Ball, location: 2F
2-2: Ball
3-2: SINGLE (Line Drive, 8RS)
Batting: SHB Juan Gómez 0-0: Ball
1-0: Called Strike
1-1: Ball
2-1: Ball
3-1: Base on Balls
Ramón Lugo to second
Batting: RHB Jim Tracy 0-0: Called Strike
0-1: Foul Ball, location: 2F
0-2: Foul Ball, location: 2F
0-2: Ball
1-2: Ball
2-2: Foul Ball, location: 2F
2-2: Fly out, F3 (Popup, 3SF)
Batting: RHB Michael Thomas 0-0: Ball
1-0: Foul Ball, location: 2F
1-1: SINGLE (Line Drive, 9S)
Ramón Lugo to third
Juan Gómez to second
Batting: RHB Javier Rentería 0-0: Called Strike
0-1: Ball
1-1: Ball
2-1: Ball
3-1: Fly out, F8 (Flyball, 8LD)
Top of the 4th over - 0 runs, 2 hits, 0 errors, 3 left on base; Houston 2 - Nashville 3
BOTTOM OF THE 4TH
Nashville G-Strings batting - Pitching for Houston Marshals : RHP John Harvey
Batting: LHB Robinson Fernández 0-0: Ball
1-0: Called Strike
1-1: Ball
2-1: Called Strike
2-2: Foul Ball, location: 2F
2-2: Foul Ball, location: 2F
2-2: Ball
3-2: Foul Ball, location: 2F
3-2: Base on Balls
Batting: SHB Ricardo Arévalo 0-0: Called Strike
0-1: Ball
1-1: Foul Ball, location: 2F
1-2: Ball
2-2: Ball
3-2: SINGLE (Groundball, 6MD)
Robinson Fernández to second
Runner from 2nd tries for 3rd, SAFE, throw made to third
Batting: RHB Greg King 0-0: Called Strike
0-1: Ball
1-1: Ball
2-1: Fielders Choice at 2nd, 6-4 (Groundball, 6)
Robinson Fernández scores
Batting: RHB Jesús Cabrera 0-0: Called Strike
0-1: Called Strike
0-2: Ball
1-2: Ground out 3-1 (Groundball, 34S)
Greg King to second
Batting: RHB Wilfred Martin 0-0: Foul Ball, location: 2F
0-1: Called Strike
0-2: Ball
1-2: Foul Ball, location: 2F
1-2: Ball
2-2: Ball
3-2: Foul Ball, location: 2F
3-2: Foul Ball, location: 2F
3-2: Fly out, F2 (Popup, 23F)
Bottom of the 4th over - 1 run, 1 hit, 0 errors, 1 left on base; Houston 2 - Nashville 4
TOP OF THE 5TH
Houston Marshals batting - Pitching for Nashville G-Strings : RHP Javier García
Batting: LHB Guy Moss 0-0: Foul Ball, location: 2F
0-1: Foul Ball, location: 2F
0-2: Ball
1-2: Ball
2-2: Foul Ball, location: 2F
2-2: Foul Ball, location: 2F
2-2: Ball
3-2: SINGLE (Line Drive, 8RM)
Batting: RHB Chris Parker 0-0: Ball
1-0: Foul Ball, location: 2F
1-1: Ball
2-1: Foul Ball, location: 2F
2-2: Fielders Choice at 2nd, 3-6 (Groundball, 3)
Batting: LHB José Rodríguez 0-0: Called Strike
0-1: Swinging Strike
0-2: Ball
1-2: Fly out, F9 (Flyball, 9)
Batting: LHB Lewis Barr 0-0: Fly out, F9 (Flyball, 9D)
Top of the 5th over - 0 runs, 1 hit, 0 errors, 1 left on base; Houston 2 - Nashville 4
BOTTOM OF THE 5TH
Nashville G-Strings batting - Pitching for Houston Marshals : RHP John Harvey
Batting: RHB Eric Thompson 0-0: Fly out, F8 (Flyball, 8RD)
Batting: LHB Miguel Rivería 0-0: Ball
1-0: Foul Ball, location: 2F
1-1: Ball
2-1: Called Strike
2-2: Strikes out swinging
Batting: RHB Sergio Márquez 0-0: Ball
1-0: Reached on error, E5 (Groundball, 5)
Batting: SHB Rob Grun 0-0: Ball
1-0: Foul Ball, location: 2F
1-1: DOUBLE (Line Drive, 78XD)
Sergio Márquez to third
Runner from 3rd tries for Home, SAFE, no throw
Pitching: RHP Ron Scott
Batting: LHB Robinson Fernández 0-0: Foul Ball, location: 2F
0-1: Foul Ball, location: 2F
0-2: Strikes out swinging
Bottom of the 5th over - 1 run, 1 hit, 1 error, 1 left on base; Houston 2 - Nashville 5
TOP OF THE 6TH
Houston Marshals batting - Pitching for Nashville G-Strings : RHP Javier García
Batting: SHB Ramón Lugo 0-0: Foul Ball, location: 2F
0-1: Foul Ball, location: 2F
0-2: Ball
1-2: Ball
2-2: Ball
3-2: Base on Balls
Pitching: LHP Carlos Menéndez
Batting: SHB Juan Gómez 0-0: Ball
1-0: Foul Ball, location: 2F
1-1: Ball
2-1: Swinging Strike
2-2: Strikes out swinging
Batting: RHB Jim Tracy 0-0: Ball
1-0: Ball
2-0: Called Strike
2-1: Foul Ball, location: 2F
2-2: Foul Ball, location: 2F
2-2: Ball
3-2: Fly out, F9 (Flyball, 9)
Batting: RHB Michael Thomas 0-0: Called Strike
0-1: Ball
1-1: Foul Ball, location: 2F
1-2: Ball
2-2: Strikes out swinging
Top of the 6th over - 0 runs, 0 hits, 0 errors, 1 left on base; Houston 2 - Nashville 5
BOTTOM OF THE 6TH
Nashville G-Strings batting - Pitching for Houston Marshals : RHP Ron Scott
Batting: SHB Ricardo Arévalo 0-0: Called Strike
0-1: Ball
1-1: Foul Ball, location: 2F
1-2: Ball
2-2: SINGLE (Flyball, 9LM)
Batting: RHB Greg King 0-0: Called Strike
0-1: Called Strike
0-2: Strikes out swinging
Batting: RHB Jesús Cabrera 0-0: Ball
1-0: Called Strike
1-1: Foul Ball, location: 2F
1-2: Strikes out swinging
Batting: RHB Wilfred Martin 0-0: Ball
1-0: Ground out 4-3 (Groundball, 34)
Bottom of the 6th over - 0 runs, 1 hit, 0 errors, 1 left on base; Houston 2 - Nashville 5
TOP OF THE 7TH
Houston Marshals batting - Pitching for Nashville G-Strings : LHP Carlos Menéndez
Batting: RHB Javier Rentería 0-0: Ball
1-0: Called Strike
1-1: Ball
2-1: Foul Ball, location: 2F
2-2: Fly out, F9 (Flyball, 9S)
Batting: LHB Guy Moss 0-0: Ball
1-0: Ball
2-0: Foul Ball, location: 2F
2-1: Ball
3-1: Base on Balls
Batting: RHB Chris Parker 0-0: Called Strike
0-1: Grounds into double play, 6-4-3 (Groundball, 6D)
Top of the 7th over - 0 runs, 0 hits, 0 errors, 0 left on base; Houston 2 - Nashville 5
BOTTOM OF THE 7TH
Nashville G-Strings batting - Pitching for Houston Marshals : RHP Ron Scott
Batting: RHB Eric Thompson 0-0: Ground out 5-3 (Groundball, 56)
Batting: LHB Miguel Rivería 0-0: Ball
1-0: Called Strike
1-1: Swinging Strike
1-2: Ball
2-2: Strikes out looking
Batting: RHB Sergio Márquez 0-0: Ball
1-0: Foul Ball, location: 2F
1-1: Called Strike
1-2: Ball
2-2: Foul Ball, location: 2F
2-2: Ground out 5-3 (Groundball, 56)
Bottom of the 7th over - 0 runs, 0 hits, 0 errors, 0 left on base; Houston 2 - Nashville 5
TOP OF THE 8TH
Houston Marshals batting - Pitching for Nashville G-Strings : LHP Carlos Menéndez
Batting: LHB José Rodríguez 0-0: SOLO HOME RUN (Flyball, 9LD), Distance : 355 ft
Batting: LHB Lewis Barr 0-0: Ball
1-0: SINGLE (Line Drive, 7LS)
Batting: SHB Ramón Lugo 0-0: Ball
1-0: Ball
2-0: Ball
3-0: Called Strike
3-1: Base on Balls
Lewis Barr to second
Pitching: RHP Ramiro Rivera
Batting: SHB Juan Gómez 0-0: Ball
1-0: Called Strike
1-1: Called Strike
1-2: 3-RUN HOME RUN (Line Drive, 9LD), Distance : 374 ft
Batting: RHB Jim Tracy 0-0: Foul Ball, location: 2F
0-1: Ground out U3 (Groundball, 34S)
Batting: RHB Michael Thomas 0-0: Ball
1-0: Ground out 4-3 (Groundball, 4)
Batting: RHB Javier Rentería 0-0: Called Strike
0-1: Ball
1-1: Foul Ball, location: 2F
1-2: Strikes out looking
Top of the 8th over - 4 runs, 3 hits, 0 errors, 0 left on base; Houston 6 - Nashville 5
BOTTOM OF THE 8TH
Nashville G-Strings batting - Pitching for Houston Marshals : RHP Ron Scott
Batting: SHB Rob Grun 0-0: Ground out U3 (Groundball, 3)
Pitching: LHP Edgardo Guzmán
Batting: LHB Robinson Fernández 0-0: Ball
1-0: Called Strike
1-1: SINGLE (Groundball, 4MD)
Pitching: RHP Jim Daniel
Batting: SHB Ricardo Arévalo 0-0: Ball
1-0: Foul Ball, location: 2F
1-1: Ball
2-1: Swinging Strike
2-2: Foul Ball, location: 2F
2-2: Ball
3-2: Grounds into double play, 6-4-3 (Groundball, 6)
Bottom of the 8th over - 0 runs, 1 hit, 0 errors, 0 left on base; Houston 6 - Nashville 5
TOP OF THE 9TH
Houston Marshals batting - Pitching for Nashville G-Strings : RHP Ramiro Rivera
Pitching: RHP Johnathan Phillips
Batting: LHB Guy Moss 0-0: Ball
1-0: Ball
2-0: Called Strike
2-1: Ground out 6-3 (Groundball, 6)
Batting: RHB Chris Parker 0-0: Ball
1-0: Called Strike
1-1: Ball
2-1: Ball
3-1: Foul Ball, location: 2F
3-2: Base on Balls
Batting: LHB José Rodríguez 0-0: Called Strike
0-1: Foul Ball, location: 2F
0-2: Ball
1-2: SINGLE (Line Drive, 78M)
Chris Parker to second
Batting: LHB Lewis Barr 0-0: Called Strike
0-1: Swinging Strike
0-2: Ball
1-2: Strikes out swinging
Batting: SHB Ramón Lugo 0-0: Swinging Strike
0-1: Foul Ball, location: 2F
0-2: Ball
1-2: Ball
2-2: Strikes out swinging
Top of the 9th over - 0 runs, 1 hit, 0 errors, 2 left on base; Houston 6 - Nashville 5
BOTTOM OF THE 9TH
Nashville G-Strings batting - Pitching for Houston Marshals : RHP Jim Daniel
Pitching: RHP Vinícius Itaquy
Batting: RHB Greg King 0-0: Called Strike
0-1: Ball
1-1: Called Strike
1-2: Ball
2-2: SINGLE (Flyball, 7S)
Batting: RHB Jesús Cabrera 0-0: Called Strike
0-1: Ball
1-1: Ground out 5-3 (Groundball, 56S)
Greg King to second
Batting: RHB Wilfred Martin 0-0: Ball
1-0: Foul Ball, location: 2F
1-1: Foul Ball, location: 2F
1-2: Strikes out swinging
Batting: RHB Eric Thompson 0-0: Foul Ball, location: 2F
0-1: Fly out, F2 (Popup, 2RF)
Bottom of the 9th over - 0 runs, 1 hit, 0 errors, 1 left on base; Houston 6 - Nashville 5
Saturday, December 16th, 2017 - OOTP Baseball 18.8 Build 76